 Dungeon Crawl Stone Soup version 0.17.1-2-g5865329 (webtiles) character file.

2826 Gottschkopf the Nimble (level 9, 0/79 HPs)
             Began as a Yellow Draconian Berserker on Feb 3, 2016.
             Was a High Priest of Trog.
             Slain by an ogre
             ... wielding a +0 giant club
              (14 damage)
             ... on level 6 of the Dungeon.
             The game lasted 00:29:29 (6746 turns).

Gottschkopf the Nimble (Yellow Draconian Berserker) Turns: 6746, Time: 00:29:29

Health: 0/79       AC: 12    Str: 23    XL:     9   Next: 45%
Magic:  9/9        EV: 15    Int:  8    God:    Trog [*****.]
Gold:   205        SH:  0    Dex: 10    Spells: 0 memorised, 8 levels left

rFire  . . .     SeeInvis +     a - +0 war axe
rCold  . . .     Clarity  .     (armour unavailable)
rNeg   . . .     SustAt   .     (no shield)
rPois  .         Gourm    .     (helmet restricted)
rElec  .         Spirit   .     g - +0 cloak
rCorr  +         Warding  .     A - +0 pair of gloves
rMut   .         Stasis   .     (no boots)
MR     .....                    (no amulet)
Stlth  ++........               j - +3 ring of protection
                                q - ring of see invisible

@: exhausted, not resistant to hostile enchantments, unstealthy
A: spit acid, acid resistance, unfitting armour, cold-blooded, AC +7
a: Spit Acid, Berserk, Trog's Hand, Brothers in Arms, Burn Spellbooks, Renounce
Religion


You were on level 6 of the Dungeon.
You worshipped Trog.
Trog was extremely pleased with you.
You were not hungry.

You visited 1 branch of the dungeon, and saw 6 of its levels.

You collected 205 gold pieces.

Inventory:

Hand Weapons
 a - a +0 war axe (weapon)
 b - a +0 halberd of flaming
Armour
 g - a +0 cloak (worn)
 A - a +0 pair of gloves (worn)
Jewellery
 c - an uncursed ring of flight
 j - a +3 ring of protection (right hand)
 q - a ring of see invisible (left hand)
Wands
 B - a wand of teleportation (6)
 G - a wand of digging (10)
 J - a wand of digging (7)
Scrolls
 f - 3 scrolls of remove curse
 h - a scroll of recharging {unknown}
 l - 4 scrolls of identify {unknown}
 m - a scroll of fog {unknown}
 n - a scroll of immolation {unknown}
 u - a scroll of noise {unknown}
 v - a scroll of magic mapping {unknown}
 x - 3 scrolls of enchant armour {unknown}
 z - a scroll of enchant weapon {unknown}
 I - a scroll of acquirement {unknown}
Potions
 d - a potion of beneficial mutation {unknown}
 e - a potion of lignification {unknown}
 i - a potion of resistance {unknown}
 k - 2 potions of flight
 o - a potion of experience {unknown}
 r - a potion of haste {unknown}
 s - a potion of agility {unknown}
 t - a potion of curing
 y - a potion of heal wounds {unknown}
 E - a potion of invisibility {unknown}
 F - a potion of mutation {unknown}
Comestibles
 p - 13 fruits
 w - a slice of pizza
 C - a beef jerky
 D - 4 bread rations


   Skills:
 + Level 7.3 Fighting
 + Level 7.6 Axes
 + Level 8.5 Dodging
 + Level 2.7 Stealth


You had 8 spell levels left.
You didn't know any spells.

Dungeon Overview and Level Annotations

Branches:
Dungeon (6/15)             Temple (0/1) D:5

Altars:
Ashenzari
Elyvilon
Gozag
Kikubaaqudgha
Nemelex Xobeh
Okawaru
Ru
Trog
The Shining One


Innate Abilities, Weirdness & Mutations

You can spit globs of acid.
You are resistant to acid.
Your golden yellow scales are hard (AC +7).
Your body does not fit into most forms of armour.
You are cold-blooded and may be slowed by cold attacks.


Message History

Items here: )) [[ ÷ † The freed slave hits the orc wizard!
The orc wizard dies!
Items here: )) [ † a club; a leather armour; a short sword; a worker ant corpse You see here a +4 longbow of velocity.
You hit the ogre. You tail-slap the ogre.
The ogre is heavily wounded.
The ogre hits you with a giant club.
* * * LOW HITPOINT WARNING * * *
The ogre closely misses you.
Read which item? (? for menu, Esc to quit)
As you read the scroll labeled CIDOAJ QUIZIU, it crumbles to dust.
You feel blessed for a moment.
It was a scroll of remove curse.
The ogre hits you with a giant club!
* * * LOW HITPOINT WARNING * * *
The ogre closely misses you.
You feel yourself speed up. The ogre hits you with a giant club!
You die...

.# #.########.# #..........# ..
#....(.....# #. #########
#.!......%.#.. ........#
#..........#.# ........#
#..........#.###.. ...._...##
#.............).>. ......(..#
#@#######....#[... .........#
#.O...)))..).'...#
.........###############....#...#
............................# ###
######################..###<# ##
#.(.....#.# .# #.......#+# .##
#.......... #.## ########
####..##....


You could see an ogre.

Vanquished Creatures
  Pikel (D:6)
  The ghost of nuller26 the Covert, a novice SpEn (D:4)
  Sigmund (D:3)
  A hippogriff (D:6)
  2 ogres (D:5)
  An ice beast (D:5)
  A centaur (D:5)
  2 sky beasts
  A water moccasin skeleton (D:6)
  A scorpion (D:5)
  3 crimson imps
  2 jellies
  2 iguanas
  5 orc priests
  A centaur skeleton (D:5)
  Jessica (D:3)
  3 gnoll shamans (D:5)
  4 orc wizards
  Terence (D:3)
  3 worker ants
  37 gnolls
  12 adders
  An ooze (D:3)
  An adder skeleton (D:6)
  7 worms
  17 orcs
  7 giant cockroaches
  4 goblins
  6 hobgoblins
  18 jackals (D:5)
  4 bats
  11 giant geckos
  6 giant newts
  5 kobolds
  3 quokkas
  6 rats
182 creatures vanquished.

Vanquished Creatures (others)
  A slave (D:6)
  An orc wizard (D:6)
  An orc (D:6)
  A bat (D:3)
4 creatures vanquished.

Grand Total: 186 creatures vanquished

Notes
Turn   | Place    | Note
--------------------------------------------------------------
     0 | D:1      | Gottschkopf the Draconian Berserker began the quest for the Orb.
     0 | D:1      | Reached XP level 1. HP: 19/19 MP: 1/1
   390 | D:1      | Reached XP level 2. HP: 16/26 MP: 2/2
  1079 | D:2      | Found an iron altar of Okawaru.
  1080 | D:2      | Found a sparkling altar of Nemelex Xobeh.
  1082 | D:2      | Found a bloodstained altar of Trog.
  1086 | D:2      | Found an ancient bone altar of Kikubaaqudgha.
  1087 | D:2      | Found a shattered altar of Ashenzari.
  1367 | D:3      | Reached XP level 3. HP: 33/33 MP: 3/3
  1369 | D:3      | Reached ** piety under Trog
  1376 | D:3      | Reached skill level 4 in Fighting
  1587 | D:3      | Reached XP level 4. HP: 41/41 MP: 4/4
  2158 | D:3      | Noticed Terence
  2181 | D:3      | Noticed Jessica
  2182 | D:3      | Killed Terence
  2182 | D:3      | Reached XP level 5. HP: 47/47 MP: 5/5
  2188 | D:3      | Killed Jessica
  2365 | D:3      | Found a white marble altar of Elyvilon.
  2365 | D:3      | Found a glowing golden altar of the Shining One.
  2467 | D:3      | Noticed Sigmund
  2498 | D:3      | Killed Sigmund
  2498 | D:3      | Reached *** piety under Trog
  2498 | D:3      | Reached skill level 5 in Dodging
  2498 | D:3      | Reached XP level 6. HP: 25/55 MP: 6/6
  2943 | D:4      | Noticed nuller26's ghost (novice SpEn)
  2958 | D:3      | Reached skill level 5 in Fighting
  3111 | D:4      | Killed nuller26's ghost
  3111 | D:4      | Reached skill level 1 in Stealth
  3111 | D:4      | Your scales start taking on a golden yellow colour.
  3111 | D:4      | Reached XP level 7. HP: 61/61 MP: 7/7
  3694 | D:4      | Reached skill level 6 in Dodging
  3701 | D:4      | Reached skill level 5 in Axes
  4239 | D:5      | Entered Level 5 of the Dungeon
  4370 | D:5      | Reached XP level 8. HP: 57/70 MP: 8/8
  4377 | D:5      | Reached **** piety under Trog
  5237 | D:5      | Reached skill level 7 in Dodging
  5531 | D:5      | Reached ***** piety under Trog
  5832 | D:5      | Found a staircase to the Ecumenical Temple.
  6022 | D:5      | Reached XP level 9. HP: 78/78 MP: 9/9
  6056 | D:5      | Found a sacrificial altar of Ru.
  6580 | D:6      | Found an opulent altar of Gozag.
  6625 | D:6      | Received a gift from Trog
  6702 | D:6      | Noticed Pikel
  6717 | D:6      | Killed Pikel
  6717 | D:6      | Reached skill level 8 in Dodging
  6746 | D:6      | Slain by an ogre

Action                   |  1- 3 |  4- 6 |  7- 9 || total
-------------------------+-------+-------+-------++-------
Melee: Hand axe          |    99 |   148 |    24 ||   271
       War axe           |       |       |   371 ||   371
Invok: Berserk           |     1 |     3 |     3 ||     7
 Abil: Spit Acid         |       |       |     1 ||     1
  Use: Potion            |       |       |     2 ||     2
       Scroll            |       |       |     1 ||     1
 Stab: Sleeping          |     1 |       |     3 ||     4
  Eat: Chunk             |     3 |     7 |    17 ||    27
